 Dungeon Crawl Stone Soup version 0.21.1-1-g345015fe64 (webtiles) character file.

133 DildoBatman the Sneak (level 5, -4/41 HPs)
             Began as a Formicid Wizard on May 15, 2018.
             Slain by a river rat (8 damage)
             ... on level 3 of the Dungeon.
             The game lasted 00:07:39 (2818 turns).

DildoBatman the Sneak (Formicid Wizard)             Turns: 2818, Time: 00:07:40

Health: -4/41      AC:  5    Str: 11    XL:     5   Next: 40%
Magic:  0/9        EV: 10    Int: 19    God:
Gold:   164        SH:  0    Dex:  9    Spells: 9/10 levels left

rFire    . . .     SeeInvis +   a - +0 spear
rCold    . . .     Gourm    .   (no shield)
rNeg     . . .     Faith    .   c - +0 ring mail (curse)
rPois    .         Spirit   .   (helmet unavailable)
rElec    .         Reflect  .   (no cloak)
rCorr    .         Harm     .   (no gloves)
MR       .....                  (no boots)
Stlth    +.........             (no amulet)
HPRegen  0.13/turn              p - ring of flight
MPRegen  0.11/turn              (no ring)

@: no status effects
A: permanent stasis, dig shafts and tunnels, four strong arms, antennae 3
a: Dig, Shaft Self, Evoke Flight


You were on level 3 of the Dungeon.
You were not hungry.

You visited 1 branch of the dungeon, and saw 3 of its levels.

You collected 164 gold pieces.

Inventory:

Hand Weapons
 a - a +0 spear (weapon)
 b - a +0 blowgun
Missiles
 d - 19 arrows
 e - 29 sling bullets
 f - 77 stones (quivered)
 j - 40 bolts
 q - 4 curare-tipped needles
Armour
 c - a cursed +0 ring mail (worn)
Magical Staves
 t - an uncursed staff of air
Jewellery
 p - a ring of flight (left hand)
Scrolls
 g - 6 scrolls of identify {unknown}
 h - 4 scrolls of teleportation {unknown}
 k - 2 scrolls of blinking {unknown}
 o - a scroll of remove curse {unknown}
 s - a scroll of enchant armour {unknown}
Potions
 i - a potion of curing {unknown}
 m - a potion of might {unknown}
 n - a potion of lignification {unknown}
 r - a potion of mutation {unknown}
Books
 l - a book of Minor Magic

   Spells                             Type                      Level
   a - Magic Dart                     Conjuration                  1
   b - Blink                          Translocation                2
   c - Call Imp                       Summoning                    2
   d - Slow                           Hexes                        2
   e - Conjure Flame                  Conjuration/Fire             3
   f - Mephitic Cloud                 Conjuration/Poison/Air       3
Comestibles
 u - 2 chunks of flesh
 v - 3 rations


   Skills:
 - Level 3.0 Fighting
 * Level 1.9 Armour
 - Level 2.0 Dodging
 * Level 3.5 Stealth
 - Level 3.2 Spellcasting
 - Level 2.0 Conjurations
   Level 1.0 Summonings
   Level 0.8 Translocations


You had 9 spell levels left.
You knew the following spells:

 Your Spells              Type           Power        Failure   Level  Hunger
c - Magic Dart            Conj           ##..         16%         1    None


Dungeon Overview and Level Annotations

Branches:
Dungeon (3/15)

Altars:
Uskayaw


Innate Abilities, Weirdness & Mutations

You cannot be hasted, slowed, berserked, paralysed or teleported.
You can dig through walls and to a lower floor.
Your four strong arms can wield two-handed weapons with a shield.
You have a pair of large antennae on your head. (SInv)


Message History

The river rat is severely wounded.
The river rat bites you!
You hit the river rat.
The river rat is almost dead.
The river rat bites you.
You are too injured to fight recklessly!
You are too injured to fight recklessly!
You are too injured to fight recklessly!
You are too injured to fight recklessly!
You are too injured to fight recklessly!
You are too injured to fight recklessly!
Casting: Magic Dart
Confirm with . or Enter, or press ? or * to list all spells.
Aiming: Magic Dart
Press: ? - help, Shift-Dir - straight line, f/p - river rat
Aim: a river rat (almost dead)
The magic dart hits the river rat.
The river rat is almost dead.
The river rat bites you!
You die...

{ #.#.# ### {
#.#.# #.. {{ {{
#.#.# #.# ####
#.#># #.# ≈≈≈≈≈
##.#.### #.#
≈#≈#≈####......#
#.#
≈.≈≈≈≈≈..###...#
#.#
....≈..........#
#.#
........r@.....#
#.#
#.#..#####.###.#
##.# ..... #.#
.# #####... #
#.# #.# ..
......#. #.# #.#
## ####.... #.#
#.# ....###. #.#
#.# .#.. #. #.#
#.# #..###.
####.#####.##
##.....


You could see a river rat.

Vanquished Creatures
  A bullfrog zombie (D:3)
  3 adders (D:2)
  5 worms
  2 dart slugs (D:1)
  3 leopard geckos (D:1)
  4 giant cockroaches
  11 goblins
  5 hobgoblins (D:1)
  10 bats
  2 frilled lizards (D:2)
  4 kobolds
  4 rats
54 creatures vanquished.

Notes
Turn   | Place    | Note
-------+----------+-------------------------------------------
     0 | D:1      | DildoBatman the Formicid Wizard began the quest for the Orb.
     0 | D:1      | Reached XP level 1. HP: 13/13 MP: 4/4
     5 | D:1      | Reached skill level 1 in Conjurations
   130 | D:1      | Reached skill level 1 in Fighting
   130 | D:1      | Reached XP level 2. HP: 7/21 MP: 0/6
   497 | D:1      | Reached XP level 3. HP: 23/27 MP: 0/7
  1574 | D:2      | Reached XP level 4. HP: 34/34 MP: 0/8
  2080 | D:2      | Found a hide-covered altar of Uskayaw.
  2094 | D:2      | Reached skill level 1 in Armour
  2563 | D:3      | Reached XP level 5. HP: 22/41 MP: 0/9
  2818 | D:3      | Slain by a river rat

Skill      XL: |  1  2  3  4 |
---------------+-------------+-----
Conjurations   | 1 2 |  2.0
Fighting       | 1 2 3 |  3.0
Dodging        | 2 |  2.0
Armour         | 1 |  1.9
Stealth        | 3 |  3.5
Spellcasting   | |  3.2
Summonings     | |  1.0
Translocations | |  0.8

Action                   |  1- 3 |  4- 6 || total
-------------------------+-------+-------++-------
Melee: Unarmed           |    21 |       ||    21
       Club              |    21 |       ||    21
       Spear             |    25 |    52 ||    77
 Cast: Magic Dart        |    76 |    77 ||   153
  Eat: Chunk             |     2 |     4 ||     6
Armor: Robe              |     7 |       ||     7
       Ring mail         |    16 |    23 ||    39
Dodge: Dodged            |    55 |    23 ||    78
